[ AOE2 MATCH · #508093955 ]
UnrankedItalians vs Khmer
Player's team · WIN
Rival team · LOSS
[ REPLAY ANALYSIS · EXTRACTED FROM THE RECORDED GAME ]
Feudal
14:31
Castle
20:18
Imperial
—
| APM avg | 58.2 |
| APM peak | 77 |
| eAPM avg | 20.3 |
| Villagers / military | 105 / 40 |
Focus
⚔️ 26.2% · 🌾 73.8%
Genoese Crossbowman ×20 · Militia ×9 · Monk ×5 · Spearman ×5 · Mangonel ×1
Feudal
11:50
Castle
17:20
Imperial
—
| APM avg | 30.4 |
| APM peak | 115 |
| eAPM avg | 10.5 |
| Villagers / military | 51 / 7 |
Focus
⚔️ 18.8% · 🌾 81.2%
Ballista Elephant ×4 · Battle Elephant ×2 · Knight ×1
Match map
Initial resources + every placement click. Lines = walls · curves = elevation contours. ◆ gold · ⬟ stone · ● berries · ✦ relic · ◌ wall gap
Your base· ✓ Closed at 20:18 · 39t walls · 1 gate(s)
Cisco Beats's base· Open — unwalled flank
Smoothed initial terrain · ◌ = detected wall gap · hover for details
Inputs per minute
— anaullo95 - - Cisco Beats
Build order — anaullo95
First 150 of 275 actions detected
| 0:01 | Queue | Villager (Male) |
| 0:01 | Queue | Villager (Male) |
| 0:02 | Build | House |
| 0:04 | Build | House |
| 0:26 | Queue | Villager (Male) |
| 0:27 | Queue | Villager (Male) |
| 1:46 | Queue | Villager (Male) |
| 1:46 | Queue | Villager (Male) |
| 1:58 | Build | Lumber Camp |
| 2:06 | Queue | Villager (Male) |
| 2:06 | Queue | Villager (Male) |
| 2:22 | Queue | Villager (Male) |
| 2:59 | Queue | Villager (Male) |
| 3:16 | Queue | Villager (Male) |
| 3:16 | Queue | Villager (Male) |
| 3:42 | Queue | Villager (Male) |
| 3:42 | Queue | Villager (Male) |
| 3:58 | Build | House |
| 4:03 | Queue | Villager (Male) |
| 4:04 | Queue | Villager (Male) |
| 4:04 | Queue | Villager (Male) |
| 4:33 | Queue | Villager (Male) |
| 4:59 | Build | Barracks |
| 5:04 | Queue | Villager (Male) |
| 5:29 | Build | House |
| 5:36 | Queue | Villager (Male) |
| 5:55 | Queue | Militia |
| 6:00 | Build | Mill |
| 6:08 | Queue | Villager (Male) |
| 6:16 | Queue | Militia |
| 6:21 | Build | House |
| 6:35 | Queue | Villager (Male) |
| 6:42 | Queue | Militia |
| 6:59 | Build | House |
| 7:32 | Queue | Villager (Male) |
| 7:33 | Build | House |
| 7:47 | Queue | Villager (Male) |
| 8:02 | Build | Palisade Wall |
| 8:19 | Queue | Villager (Male) |
| 8:25 | Build | Mining Camp |
| 8:29 | Queue | Villager (Male) |
| 8:58 | Build | House |
| 9:29 | Queue | Villager (Male) |
| 9:35 | Build | Lumber Camp |
| 9:41 | Build | Palisade Wall |
| 9:51 | Build | Palisade Wall |
| 10:21 | Queue | Villager (Male) |
| 10:26 | Build | House |
| 10:34 | Build | Farm |
| 10:49 | Build | Palisade Wall |
| 10:53 | Queue | Villager (Male) |
| 11:05 | Build | Farm |
| 11:15 | Build | House |
| 11:20 | Build | Palisade Gate |
| 11:21 | Build | Palisade Wall |
| 11:21 | Build | Palisade Wall |
| 11:24 | Queue | Villager (Male) |
| 11:27 | Build | Palisade Wall |
| 11:37 | Build | Farm |
| 11:53 | Research | Loom |
| 12:01 | Build | Palisade Wall |
| 12:14 | Build | House |
| 12:15 | Build | House |
| 12:21 | Research | Feudal Age |
| 12:43 | Build | Farm |
| 13:21 | Build | Farm |
| 14:27 | Queue | Villager (Male) |
| 14:31 | Age | Feudal Age |
| 14:42 | Build | Market |
| 14:48 | Build | Market |
| 15:00 | Research | Horse Collar |
| 15:00 | Queue | Villager (Male) |
| 15:03 | Build | Farm |
| 15:05 | Build | Farm |
| 15:06 | Build | Farm |
| 15:09 | Build | Farm |
| 15:22 | Build | Blacksmith |
| 15:31 | Queue | Villager (Male) |
| 15:34 | Build | Farm |
| 15:47 | Queue | Spearman |
| 15:49 | Build | Farm |
| 15:56 | Queue | Villager (Male) |
| 15:59 | Research | Double-Bit Axe |
| 16:08 | Queue | Spearman |
| 16:19 | Research | Forging |
| 16:23 | Queue | Villager (Male) |
| 16:26 | Build | House |
| 16:29 | Build | House |
| 16:37 | Queue | Villager (Male) |
| 16:42 | Queue | Militia |
| 16:45 | Build | Barracks |
| 16:51 | Build | House |
| 16:54 | Queue | Villager (Male) |
| 17:09 | Queue | Militia |
| 17:13 | Queue | Militia |
| 17:15 | Queue | Militia |
| 17:15 | Queue | Militia |
| 17:15 | Queue | Militia |
| 17:26 | Research | Man-at-Arms (upgrade) |
| 17:38 | Research | Castle Age |
| 17:46 | Queue | Spearman |
| 17:52 | Build | Mining Camp |
| 18:01 | Build | House |
| 18:05 | Build | House |
| 18:17 | Queue | Spearman |
| 18:40 | Build | House |
| 18:52 | Queue | Spearman |
| 19:18 | Build | House |
| 20:02 | Build | House |
| 20:18 | Age | Castle Age |
| 20:19 | Queue | Villager (Male) |
| 20:25 | Build | Monastery |
| 20:28 | Build | Monastery |
| 20:34 | Build | Town Center |
| 20:39 | Queue | Villager (Male) |
| 20:45 | Queue | Villager (Male) |
| 20:55 | Queue | Villager (Male) |
| 21:11 | Queue | Monk |
| 21:17 | Queue | Villager (Male) |
| 21:26 | Research | Bow Saw |
| 21:33 | Queue | Villager (Male) |
| 21:39 | Queue | Villager (Male) |
| 21:40 | Queue | Villager (Male) |
| 21:52 | Queue | Monk |
| 22:12 | Queue | Villager (Male) |
| 22:37 | Queue | Villager (Male) |
| 22:38 | Queue | Villager (Male) |
| 22:38 | Queue | Villager (Male) |
| 22:41 | Build | Farm |
| 22:42 | Build | Farm |
| 22:46 | Build | Farm |
| 22:48 | Build | Farm |
| 22:50 | Build | Farm |
| 22:50 | Queue | Villager (Male) |
| 22:59 | Research | Sanctity |
| 23:04 | Queue | Villager (Male) |
| 23:09 | Queue | Villager (Male) |
| 23:23 | Build | Castle |
| 23:33 | Queue | Monk |
| 23:33 | Queue | Villager (Male) |
| 23:36 | Build | Gate |
| 23:38 | Build | House |
| 23:40 | Queue | Villager (Male) |
| 23:42 | Build | Farm |
| 23:43 | Build | Farm |
| 23:45 | Build | Farm |
| 23:59 | Research | Fletching |
| 24:00 | Queue | Villager (Male) |
| 24:16 | Queue | Villager (Male) |
| 24:21 | Build | Town Center |
Build order — Cisco Beats
112 actions detected in the replay
| 0:00 | Queue | Villager (Male) |
| 0:01 | Queue | Villager (Male) |
| 0:01 | Queue | Villager (Male) |
| 0:01 | Queue | Villager (Male) |
| 0:02 | Build | House |
| 0:04 | Build | House |
| 1:33 | Queue | Villager (Male) |
| 2:07 | Queue | Villager (Male) |
| 2:33 | Queue | Villager (Male) |
| 3:49 | Queue | Villager (Male) |
| 3:50 | Queue | Villager (Male) |
| 4:11 | Queue | Villager (Male) |
| 4:18 | Build | House |
| 4:19 | Build | Mill |
| 4:21 | Queue | Villager (Male) |
| 4:43 | Queue | Villager (Male) |
| 5:11 | Build | House |
| 5:13 | Build | Mill |
| 5:16 | Queue | Villager (Male) |
| 5:16 | Queue | Villager (Male) |
| 5:31 | Queue | Villager (Male) |
| 7:01 | Queue | Villager (Male) |
| 7:22 | Queue | Villager (Male) |
| 7:25 | Queue | Villager (Male) |
| 7:26 | Queue | Villager (Male) |
| 8:10 | Queue | Villager (Male) |
| 8:11 | Research | Loom |
| 8:27 | Build | Mining Camp |
| 9:36 | Research | Feudal Age |
| 11:50 | Age | Feudal Age |
| 12:00 | Build | Lumber Camp |
| 12:16 | Build | Farm |
| 12:17 | Build | Farm |
| 12:56 | Build | Farm |
| 13:25 | Build | Farm |
| 13:43 | Build | Farm |
| 14:15 | Build | Farm |
| 14:29 | Build | Farm |
| 14:40 | Research | Castle Age |
| 14:59 | Build | Stable |
| 15:51 | Research | Bloodlines |
| 15:59 | Build | Palisade Wall |
| 16:14 | Build | House |
| 17:14 | Queue | Villager (Male) |
| 17:17 | Build | Palisade Wall |
| 17:20 | Age | Castle Age |
| 17:37 | Research | Husbandry |
| 17:40 | Queue | Villager (Male) |
| 17:48 | Build | Farm |
| 17:57 | Queue | Knight |
| 18:17 | Build | Mining Camp |
| 18:25 | Queue | Villager (Male) |
| 18:26 | Queue | Villager (Male) |
| 18:45 | Build | Farm |
| 18:52 | Queue | Villager (Male) |
| 19:07 | Queue | Battle Elephant |
| 19:20 | Build | Farm |
| 19:31 | Build | House |
| 19:35 | Build | House |
| 19:35 | Build | House |
| 19:35 | Build | House |
| 19:44 | Queue | Villager (Male) |
| 19:44 | Queue | Villager (Male) |
| 20:08 | Queue | Battle Elephant |
| 20:29 | Queue | Villager (Male) |
| 20:37 | Build | Town Center |
| 20:46 | Queue | Villager (Male) |
| 20:46 | Queue | Villager (Male) |
| 21:03 | Build | Town Center |
| 21:15 | Queue | Villager (Male) |
| 21:16 | Queue | Villager (Male) |
| 21:16 | Queue | Villager (Male) |
| 21:34 | Queue | Villager (Male) |
| 21:34 | Queue | Villager (Male) |
| 21:49 | Queue | Villager (Male) |
| 22:00 | Queue | Villager (Male) |
| 22:27 | Queue | Villager (Male) |
| 22:36 | Queue | Villager (Male) |
| 22:53 | Queue | Villager (Male) |
| 23:10 | Queue | Villager (Male) |
| 23:16 | Build | Farm |
| 23:30 | Queue | Villager (Male) |
| 23:35 | Build | Farm |
| 23:44 | Queue | Villager (Male) |
| 23:47 | Build | Farm |
| 23:58 | Build | Farm |
| 24:02 | Queue | Villager (Male) |
| 24:05 | Build | Farm |
| 24:13 | Queue | Villager (Male) |
| 25:05 | Build | Lumber Camp |
| 25:19 | Research | Double-Bit Axe |
| 25:21 | Research | Horse Collar |
| 25:50 | Build | Castle |
| 26:07 | Queue | Villager (Male) |
| 26:07 | Queue | Villager (Male) |
| 26:07 | Queue | Villager (Male) |
| 26:19 | Build | Market |
| 26:22 | Queue | Villager (Male) |
| 26:22 | Queue | Villager (Male) |
| 26:22 | Queue | Villager (Male) |
| 26:44 | Build | Mining Camp |
| 27:03 | Queue | Ballista Elephant |
| 27:19 | Queue | Ballista Elephant |
| 27:39 | Build | Farm |
| 27:40 | Build | Farm |
| 27:40 | Build | Farm |
| 27:41 | Build | Farm |
| 28:29 | Queue | Ballista Elephant |
| 28:30 | Queue | Ballista Elephant |
| 28:50 | Build | Blacksmith |
| 29:49 | Research | Scale Barding Armor |
| 30:58 | Research | Chain Barding Armor |
Match timeline
| 4:59 | anaullo95 · first_building Barracks |
| 8:02 | anaullo95 · wall_segment Palisade Wall x11 |
| 9:41 | anaullo95 · wall_segment Palisade Wall x3 |
| 9:51 | anaullo95 · wall_segment Palisade Wall x7 |
| 10:49 | anaullo95 · wall_segment Palisade Wall x6 |
| 11:21 | anaullo95 · wall_segment Palisade Wall x1 |
| 11:21 | anaullo95 · wall_segment Palisade Wall x1 |
| 11:27 | anaullo95 · wall_segment Palisade Wall x7 |
| 11:50 | Cisco Beats · age_up feudal |
| 12:01 | anaullo95 · wall_segment Palisade Wall x7 |
| 14:31 | anaullo95 · age_up feudal |
| 14:59 | Cisco Beats · first_building Stable |
| 15:59 | Cisco Beats · wall_segment Palisade Wall x1 |
| 17:17 | Cisco Beats · wall_segment Palisade Wall x1 |
| 17:20 | Cisco Beats · age_up castle |
| 20:18 | anaullo95 · age_up castle |
| 20:25 | anaullo95 · first_building Monastery |
| 23:23 | anaullo95 · first_building Castle |
| 24:14 | anaullo95 · first_market_buy 100 stone |
| 25:50 | Cisco Beats · first_building Castle |
| 26:45 | anaullo95 · first_building Siege Workshop |
| 31:45 | Cisco Beats · resign |
[ AI ANALYSIS · 1 CREDIT ]
What really happened in this match?
Wolo.gg analyzes every decision: build order, eco, micro, common mistakes by bracket. Personalized analysis on WhatsApp or Discord in 30 seconds.
Civ guide
Italians
Perfil
Jugador #25983101